 Dungeon Crawl Stone Soup version 0.30.1-11-g7821555f0a (webtiles) character file.

Game seed: 2275663157045475175

20652 MrIGI the Grappler (level 12, -26/118 HPs)
             Began as a Troll Berserker on Dec 14, 2023.
             Was an Elder of Trog.
             Annihilated by a two-headed ogre
             ... wielding a +0 giant club
              (31 damage)
             ... on level 2 of the Orcish Mines.
             The game lasted 00:57:04 (10771 turns).

MrIGI the Grappler (Troll Berserker)               Turns: 10771, Time: 00:57:05

Health: -26/118    AC: 11    Str: 36    XL:     12   Next: 47%
Magic:  0/13       EV: 11    Int: 11    God:    Trog [****..]
Gold:   1473       SH:  0    Dex: 11    Spells: 11/11 levels left

rFire   + .          .
                       - Unarmed
rCold   . . .        (no shield)
rNeg    . . .        N - +0 swamp dragon scales
rPois   +            (helmet restricted)
rElec   .            R - +0 cloak {rF+}
rCorr   .            (gloves unavailable)
SInv    .            (boots unavailable)
Will    +....        p - amulet "Hioguv" {Spirit -Tele Int+8}
Stlth   +            c - +6 ring of strength
HPRegen 1.19/turn    j - ring of willpower
MPRegen 0.13/turn

%: no teleportation, guardian spirit
@: on berserk cooldown, slowed, very slow
A: large, unfitting armour, claws 3, regeneration 1, shaggy fur 1, tough skin 1,
noise suppression
a: Renounce Religion, Berserk, Trog's Hand, Brothers in Arms


You were on level 2 of the Orcish Mines.
You worshipped Trog.
Trog was greatly pleased with you.
You visited 2 branches of the dungeon, and saw 11 of its levels.
You also visited: Ice Cave and Volcano.

You collected 1473 gold pieces.

Inventory:

Hand Weapons
 a - a +0 mace
 b - the +8 flail of Wufuthraj {protect, MP+9}
   (You found it in an ice cave)

   MP:        It affects your magic capacity (+9).
 q - a +0 battleaxe
 X - a +4 mace of freezing
 Z - a +2 dagger of venom
Missiles
 L - 2 throwing nets (quivered)
 U - 3 datura-tipped darts
 V - a curare-tipped dart
Armour
 y - a +1 robe of resistance
 H - a +0 troll leather armour
 N - +0 swamp dragon scales (worn)
 R - a +0 cloak of fire resistance (worn)
Jewellery
 c - a +6 ring of strength (left claw)
 f - a +6 ring of dexterity
 j - a ring of willpower (right claw)
 n - a ring of protection from fire
 p - the amulet "Hioguv" (around neck) {Spirit -Tele Int+8}
   (You found it on level 2 of the Dungeon)

   [amulet of guardian spirit]

   It causes incoming damage to be divided between your reserves of health and
   magic.
   Int:       It affects your intelligence (+8).
   -Tele:     It prevents most forms of teleportation.
 r - a ring of magical power
 t - an amulet of the acrobat
 B - a ring of fire
 D - a ring of protection from fire
 M - a ring of ice
 P - an amulet of faith
Wands
 G - a wand of roots (6)
 O - a wand of charming (2)
 W - a wand of flame (7)
Scrolls
 g - a scroll of enchant weapon {unknown}
 h - a scroll of identify
 k - 2 scrolls of immolation
 l - 3 scrolls of noise
 m - 3 scrolls of vulnerability
 s - 2 scrolls of enchant armour {unknown}
 z - 2 scrolls of teleportation
 C - a scroll of silence {unknown}
 F - a scroll of magic mapping {unknown}
 K - 2 scrolls of blinking
 S - a scroll of fog {unknown}
Potions
 e - a potion of magic {unknown}
 i - 3 potions of curing
 o - a potion of flight {unknown}
 u - a potion of degeneration {unknown}
 v - a potion of brilliance {unknown}
 w - 2 potions of attraction
 x - a potion of invisibility {unknown}
 A - a potion of berserk rage {unknown}
 E - a potion of ambrosia
 I - a potion of haste {unknown}
 J - a potion of cancellation {unknown}
 Q - a potion of heal wounds {unknown}
 T - a potion of mutation


   Skills:
 * Level 7.5 Fighting
 - Level 4.7 Maces & Flails
 - Level 3.4 Throwing
 - Level 4.4 Armour
 * Level 8.1 Dodging
 - Level 1.6 Stealth
 + Level 13.8 Unarmed Combat
 * Level 3.0 Invocations
 - Level 1.3 Evocations


You had 11 spell levels left.
You didn't know any spells.
Your spell library contained the following spells:

 Spells                   Type           Power      Damage    Failure   Level
 Freeze                   Ice            0%         1d3       43%         1
 Lesser Beckoning         Tloc           0%         N/A       56%         2
 Frozen Ramparts          Ice            0%         1d1       80%         3
 Gell's Gravitas          Tloc           0%         N/A       80%         3
 Hailstorm                Conj/Ice       0%         3d3       80%         3
 Ignite Poison            Fire/Tmut/Pois 0%         N/A       80%         3
 Teleport Other           Tloc           0%         N/A       80%         3
 Sticky Flame             Conj/Fire      0%         2d3       99%         4
 Iskenderun's Battlesphe  Conj           0%         2d6       100%        5
 Iron Shot                Conj/Erth      0%         9d1       100%        6
 Spellforged Servitor     Conj/Summ      0%         N/A       100%        7
 Ignition                 Fire           0%         3d3       100%        8


Dungeon Overview and Level Annotations

Branches:
Dungeon (9/15)             Temple (0/1) D:7             Orc (2/2) D:9
  IceCv (visited)         Volcano (visited)
   Lair: D:8-11         Elf: Orc:2

Altars:
Ashenzari
Dithmenos
Fedhas
Nemelex Xobeh
Trog
Wu Jian
Xom
The Shining One

Shops:
D:2 (*(   D:8 :

Annotations:
D:8 Amaemon, Maurice
Orc:2 Saint Roka


Innate Abilities, Weirdness & Mutations

You are too large for most types of armour.
You have claws for hands.
Your natural rate of healing is unusually fast.
You are covered in fur. (AC +1)
You have tough skin. (AC +1)
You passively dampen the noise of your surroundings.


Message History

The warg bites your ogre!
Your ogre misses the warg. The warg bites your ogre!
The orc warrior no longer looks unusually strong.
The warg bites your ogre!!
Your ogre dies!
Your ogre's corpse disappears in a puff of smoke!
A two-headed ogre comes into view. It is wielding two +0 giant clubs.
The two-headed ogre shouts in stereo!
The warg bites you but does no damage. The warg bites you but does no damage.
The warg closely misses you. The warg misses you.
The warg bites you but does no damage. The warg barely misses you.
A two-headed ogre comes into view. It is wielding two +0 giant clubs.
The two-headed ogre shouts in stereo!
The warg bites you! The warg barely misses you.
The two-headed ogre hits you with a +0 giant club.
The two-headed ogre closely misses you. The warg bites you!
Why would you want to do that? The warg attacks as you move away!
The warg bites you.
The two-headed ogre attacks as you move away!
The two-headed ogre hits you with a +0 giant club!
* * * LOW HITPOINT WARNING * * *
The two-headed ogre completely misses you.
The two-headed ogre hits you with a +0 giant club!
* * * LOW HITPOINT WARNING * * *
The two-headed ogre barely misses you. The warg attacks as you move away!
The warg completely misses you. The warg misses you.
The warg attacks as you move away! The warg misses you.
Saint Roka mumbles some strange prayers to Beogh against you.
Beogh smites you!
* * * LOW HITPOINT WARNING * * *
The warg barely misses you.
There is an escape hatch in the ceiling here.
The warg bites you.
* * * LOW HITPOINT WARNING * * *
The two-headed ogre hits you with a +0 giant club!!
You die...

.$......)..#........##........#
........)............#.........
..................o....o..#....
..................≈≈≈≈≈...##...
##..###..........#####≈..##....
#... ##....#........#≈...##...
..O #.......≈.....#≈..#####.
#.....OhO#≈...#≈.## #.
#......@.≈#≈..#..# #..
#.....#.#.≈#....## .$..
#....###....≈..## .... #....
.......## ..## #... ##.....## .
.... #..### ... ###


You could see Saint Roka, 2 two-headed ogres and a warg.

Vanquished Creatures
  A white draconian (IceCv)
  A fire dragon (Volcano)
  5 two-headed ogres
  Pikel (D:6)
  2 orc sorcerers
  3 salamanders (Volcano)
  An ice statue (IceCv)
  Maggie (D:6)
  5 rime drakes
  6 komodo dragons (Volcano)
  3 trolls
  Grinder (D:6)
  A wraith (D:9)
  A shadow (D:9)
  7 wyverns (Volcano)
  3 fire bats (Volcano)
  5 yaks
  4 steam dragons
  2 wargs (Orc:1)
  A water moccasin (D:6)
  2 sky beasts
  16 orc warriors
  14 ogres
  2 centaurs
  A lemure (D:6)
  2 kobold brigands
  2 bullfrogs (D:7)
  A scorpion (D:5)
  6 wights (D:7)
  3 lindwurm simulacra (IceCv)
  3 komodo dragon simulacra (IceCv)
  6 hounds
  A jelly (D:7)
  A gnoll bouda (D:4)
  15 orc priests
  4 iguanas
  2 sleepcaps
  19 orc wizards
  Robin (D:3)
  9 acid dragon simulacra (IceCv)
  5 adders
  13 gnolls
  An ufetubus (D:6)
  6 steam dragon simulacra (IceCv)
  5 dart slugs
  A worm (D:2)
  61 orcs
  7 bats
  7 endoplasms
  12 giant cockroaches
  17 goblins
  7 hobgoblins
  4 jackals (D:3)
  15 kobolds
  3 quokkas
  3 ball pythons
  7 frilled lizards
  5 rats
343 creatures vanquished.

Vanquished Creatures (collateral kills)
  An ice statue (IceCv)
  4 orc warriors
  An ogre (Orc:1)
  A gnoll (Orc:1)
7 creatures vanquished.

Vanquished Creatures (others)
  A rime drake (IceCv)
1 creature vanquished.

Grand Total: 351 creatures vanquished

Notes
Turn   | Place    | Note
-------+----------+-------------------------------------------
     0 | D:1      | MrIGI the Troll Berserker began the quest for the Orb.
     0 | D:1      | Reached XP level 1. HP: 22/22 MP: 0/0
   144 | D:1      | Reached XP level 2. HP: 29/29 MP: 1/1
  1054 | D:2      | Reached XP level 3. HP: 32/36 MP: 2/2
  1076 | D:2      | Identified the amulet "Hioguv" {Spirit -Tele Int+8}
  1094 | D:2      | Reached ** piety under Trog
  1182 | D:2      | Found Ixelail's Assorted Antiques.
  1237 | D:2      | Reached skill level 1 in Unarmed Combat
  1244 | D:2      | Reached XP level 4. HP: 44/45 MP: 3/3
  1388 | D:2      | Found Utilor's Weapon Shoppe.
  1602 | D:2      | Found Ereonkib's Antique Weapon Boutique.
  1743 | D:3      | Reached skill level 2 in Unarmed Combat
  1849 | D:3      | Found a shadowy altar of Dithmenos.
  1972 | D:3      | Reached *** piety under Trog
  1973 | D:3      | Reached XP level 5. HP: 48/53 MP: 4/4
  1999 | D:3      | Found a blossoming altar of Fedhas.
  2003 | D:3      | Noticed Robin
  2010 | D:3      | Killed Robin
  2097 | D:3      | Found a sparkling altar of Nemelex Xobeh.
  2125 | D:3      | Found a broken altar of Ashenzari.
  2294 | D:3      | Found a glowing golden altar of the Shining One.
  2417 | D:4      | Found an ornate altar of the Wu Jian Council.
  2480 | D:4      | Reached skill level 3 in Unarmed Combat
  2775 | D:4      | Reached XP level 6. HP: 60/61 MP: 5/5
  3271 | D:5      | Entered Level 5 of the Dungeon
  3437 | D:5      | Reached skill level 1 in Stealth
  3437 | D:5      | Reached XP level 7. HP: 68/68 MP: 6/6
  3486 | D:5      | Reached skill level 4 in Unarmed Combat
  3807 | D:5      | Reached skill level 5 in Unarmed Combat
  4311 | D:6      | Noticed Maggie
  4404 | D:7      | Found a staircase to the Ecumenical Temple.
  4412 | D:7      | Reached XP level 8. HP: 75/78 MP: 7/7
  4498 | D:6      | Reached skill level 6 in Unarmed Combat
  4506 | D:6      | Killed Maggie
  4507 | D:6      | Reached skill level 1 in Throwing
  4507 | D:6      | Reached **** piety under Trog
  4562 | D:6      | Reached skill level 7 in Unarmed Combat
  4603 | D:6      | Noticed Pikel
  4619 | D:6      | Killed Pikel
  4620 | D:6      | Reached skill level 8 in Unarmed Combat
  4715 | D:6      | Reached XP level 9. HP: 83/85 MP: 8/8
  4723 | D:6      | Noticed Grinder
  4728 | D:6      | Killed Grinder
  4729 | D:6      | Reached skill level 5 in Dodging
  5033 | D:7      | Reached skill level 5 in Fighting
  5033 | D:7      | Reached skill level 9 in Unarmed Combat
  5381 | D:7      | Found a white marble altar of Elyvilon.
  5410 | D:7      | Found a bloodstained altar of Trog.
  5410 | D:7      | Found a shimmering altar of Xom.
  5413 | D:7      | Found a shadowy altar of Dithmenos.
  5413 | D:7      | Found a glowing golden altar of the Shining One.
  5413 | D:7      | Found a shadowy altar of Dithmenos.
  5537 | D:7      | Reached skill level 10 in Unarmed Combat
  5760 | D:7      | Reached skill level 1 in Armour
  5892 | D:8      | Noticed Amaemon
  5892 | D:8      | Noticed an orange demon
  5933 | D:8      | Found Wygun's Book Shop.
  5998 | D:8      | Reached skill level 1 in Invocations
  6092 | D:8      | Noticed Maurice
  6349 | D:9      | Noticed a two-headed ogre
  6354 | D:9      | Killed a two-headed ogre
  6355 | D:9      | Reached XP level 10. HP: 96/96 MP: 10/10
  6450 | D:9      | Found a bloodstained altar of Trog.
  6826 | D:9      | Reached skill level 11 in Unarmed Combat
  6865 | D:9      | Found a staircase to the Orcish Mines.
  6961 | Orc:1    | Entered Level 1 of the Orcish Mines
  7447 | Orc:1    | Found a dark tunnel.
  7452 | Volcano  | Entered a volcano
  7464 | Volcano  | Gained mutation: You passively dampen the noise of your
                  | surroundings. [potion of mutation]
  7483 | Volcano  | Reached skill level 12 in Unarmed Combat
  7544 | Volcano  | Noticed a salamander
  7556 | Volcano  | Reached XP level 11. HP: 105/105 MP: 7/11
  7797 | Volcano  | Noticed a two-headed ogre
  7904 | Volcano  | Killed a two-headed ogre
  7950 | Volcano  | Reached ***** piety under Trog
  7951 | Volcano  | Reached skill level 1 in Evocations
  7994 | Volcano  | Reached skill level 13 in Unarmed Combat
  8071 | Volcano  | Noticed a fire dragon
  8088 | Volcano  | Killed a fire dragon
  8489 | Orc:2    | Entered Level 2 of the Orcish Mines
  8537 | Orc:2    | Noticed an orc sorcerer
  8558 | Orc:2    | Killed an orc sorcerer
  8666 | Orc:2    | Found a frozen archway.
  8681 | IceCv    | Entered an ice cave
  8829 | IceCv    | Identified the +8 flail of Wufuthraj {protect, MP+9}
  9509 | IceCv    | Reached XP level 12. HP: 82/115 MP: 7/12
  9591 | IceCv    | Noticed a white draconian
  9638 | IceCv    | Killed a white draconian
  9914 | Orc:2    | Noticed a two-headed ogre
  9914 | Orc:2    | Noticed a two-headed ogre
  9925 | Orc:2    | Killed a two-headed ogre
  9928 | Orc:2    | Killed a two-headed ogre
  9929 | Orc:2    | Noticed a two-headed ogre
  9937 | Orc:2    | Killed a two-headed ogre
 10289 | Orc:2    | Noticed Saint Roka
 10758 | Orc:2    | Noticed a two-headed ogre
 10765 | Orc:2    | Noticed a two-headed ogre
 10771 | Orc:2    | HP: 5/118 [warg[Saint Roka] (5)]
 10771 | Orc:2    | Annihilated by a two-headed ogre

Illustrated notes

Levels and vault maps discovered:
D:1:      sevenhm_arrival_forest_fort_large_2, layout_loops_corners,
          minmay_lizard_king
D:2:      minmay_roachtagon, layout_basic, serial_shops, shop,
          nicolae_square_shop, nicolae_shop_behind_doors
D:3:      layout_basic, overflow_temple_1_default, mainiacjoe_overflow_alcove_2,
          nemelex_diamond_rough_becter, ashenzari_conservatory_becter,
          lemuel_round_altar, uniq_robin
D:4:      layout_cave_pods, mainiacjoe_overflow_paths
D:5:      layout_loops_corners
D:6:      layout_basic, feat_on_display, uniq_maggie, uniq_pikel, uniq_grinder
D:7:      layout_basic, doesnt_xom_only_xom,
          minmay_temple_entry_statues_fountains
D:8:      layout_cave_pods, nicolae_hepliaklqana_monster_ancestors,
          nicolae_stop_n_shop_2, uniq_maurice, uniq_amaemon
D:9:      layout_stronghold, trog_hazing_becter, david_orc_5,
          statue_in_the_mist_lemuel, kennysheep_generic_room_14
Orc:1:    layout_caves, enter_volcano_4
Orc:2:    st_orc_ogre_mass, layout_caves, basic_altar, portal_ice_cave_rime,
          led_sif_book, uniq_saint_roka

Skill      XL: |  1  2  3  4  5  6  7  8  9 10 11 12 |
---------------+-------------------------------------+-----
Maces & Flails | 3 4 |  4.7
Fighting       | 3 4 5 6 7 |  7.5
Unarmed Combat | 1 2 3 5 8 10 12 13 | 13.8
Dodging        | 3 4 5 6 8 |  8.1
Stealth        | 1 |  1.6
Throwing       | 2 3 |  3.4
Armour         | 1 3 4 |  4.4
Invocations    | 1 2 3 |  3.0
Evocations     | 1 |  1.3

Action                     |  1- 3 |  4- 6 |  7- 9 | 10-12 || total
---------------------------+-------+-------+-------+-------++-------
  Melee: Mace              |    21 |       |       |       ||    21
         Unarmed           |    70 |   198 |   212 |   535 ||  1015
         Punch             |     1 |     4 |    14 |    37 ||    56
 Invoke: Berserk           |     1 |     2 |     8 |    14 ||    25
         Brothers in Arms  |       |       |       |     4 ||     4
         Trog's Hand       |       |       |       |     2 ||     2
  Evoke: Wand              |       |       |       |    12 ||    12
    Use: Scroll            |       |       |       |    12 ||    12
         Potion            |       |       |       |     1 ||     1
   Stab: Sleeping          |     1 |     2 |     1 |       ||     4
 Armour: Animal skin       |    31 |   114 |    34 |       ||   179
         Swamp dragon scal |       |       |    47 |   193 ||   240
  Dodge: Dodged            |    31 |   152 |   114 |   273 ||   570
